 Dungeon Crawl Stone Soup version 0.21-a0-519-gb765982 (webtiles) character file.

35 slep the Grasshopper (level 3, 0/28 HPs)
             Began as a Barachi Warper on Dec 4, 2017.
             Slain by a hobgoblin
             ... wielding a cursed +0 club
              (3 damage)
             ... on level 2 of the Dungeon.
             The game lasted 00:02:52 (624 turns).

slep the Grasshopper (Barachi Warper)                Turns: 624, Time: 00:02:53

Health: 0/28       AC:  3    Str: 13    XL:     3   Next: 35%
Magic:  6/6        EV: 12    Int: 13    God:
Gold:   43         SH:  0    Dex: 11    Spells: 6/6 levels left

rFire    . . .     SeeInvis .   a - +0 hand axe
rCold    + . .     Gourm    .   (no shield)
rNeg     . . .     Faith    .   b - +0 leather armour
rPois    .         Spirit   .   (no helmet)
rElec    .         Reflect  .   (no cloak)
rCorr    .         Harm     .   (no gloves)
MR       .....                  (no boots)
Stlth    +.........             (no amulet)
HPRegen  0.09/turn              l - ring of protection from cold
MPRegen  0.10/turn              (no ring)

@: slow
A: +LOS, swims, slowness 1, strong legs 1
a: Hop


You were on level 2 of the Dungeon.
You were not hungry.

You visited 1 branch of the dungeon, and saw 2 of its levels.

You collected 43 gold pieces.

Inventory:

Hand Weapons
 a - a +0 hand axe (weapon)
Missiles
 e - 5 tomahawks of dispersal (quivered)
Armour
 b - a +0 leather armour (worn)
 h - a cursed +0 scale mail
Jewellery
 l - a ring of protection from cold (left hand)
Scrolls
 d - a scroll of blinking
 g - 2 scrolls of enchant weapon {unknown}
 i - a scroll of magic mapping {unknown}
 j - a scroll of teleportation {unknown}
 m - a scroll of identify {unknown}
Potions
 k - a potion of curing {unknown}
Books
 c - a book of Spatial Translocations

   Spells                             Type                      Level
   a - Blink                          Translocation                2
   b - Shroud of Golubria             Charms/Translocation         2
   c - Lesser Beckoning               Translocation                3
   d - Gell's Gravitas                Translocation                3
   e - Teleport Other                 Translocation                3
   f - Passage of Golubria            Translocation                4
Comestibles
 f - a bread ration


   Skills:
 + Level 2.7 Fighting
 + Level 3.1 Axes
 + Level 1.1 Throwing
 + Level 1.6 Armour
 + Level 2.7 Dodging
 + Level 2.2 Spellcasting
   Level 3.2 Translocations


You had 6 spell levels left.
You didn't know any spells.

Dungeon Overview and Level Annotations

Branches:
Dungeon (2/15)

Altars:


Innate Abilities, Weirdness & Mutations

Shadows flee at your approach. (+LOS)
You can swim through water.
You cover ground slowly.
You can hop short distances.


Message History

* * * LOW HITPOINT WARNING * * *
The hobgoblin misses you.
You hit the hobgoblin.
The hobgoblin is almost dead.
You hit the dart slug.
You kill the dart slug!
The hobgoblin hits you with a club.
* * * LOW HITPOINT WARNING * * *
You hit the hobgoblin but do no damage.
The hobgoblin is almost dead.
The hobgoblin hits you with a club.
* * * LOW HITPOINT WARNING * * *
You closely miss the hobgoblin.
The hobgoblin is almost dead.
The hobgoblin hits you with a club.
* * * LOW HITPOINT WARNING * * *
You completely miss the hobgoblin.
The hobgoblin is almost dead.
The hobgoblin hits you with a club.
You die...

#.#.........#
#.#####.....#
#.# ##...##
#.. ##..# ##.
##.# . #.#
#.### #.#.##
#.@†.#
#.(g......#
........##.#
###.....##
#....##
#.#.## #.###
#.# #.


You could see a hobgoblin.

Vanquished Creatures
  An adder (D:2)
  2 dart slugs (D:2)
  A leopard gecko (D:1)
  3 giant cockroaches (D:1)
  A goblin (D:1)
  3 hobgoblins
  A kobold (D:1)
  A ball python (D:1)
  5 bats (D:1)
  2 frilled lizards (D:1)
  3 rats (D:1)
23 creatures vanquished.

Notes
Turn   | Place    | Note
-------+----------+-------------------------------------------
     0 | D:1      | slep the Barachi Warper began the quest for the Orb.
     0 | D:1      | Reached XP level 1. HP: 17/17 MP: 3/3
   158 | D:1      | Reached XP level 2. HP: 19/23 MP: 5/5
   569 | D:2      | Reached XP level 3. HP: 13/28 MP: 6/6
   624 | D:2      | Slain by a hobgoblin

Vault maps used:
D:1:      dpeg_arrival_lava_altar
D:2:      old_standard_altar, zin_scriptorium,
          hangedman_abyss_or_decor_lesser_grid

Skill      XL: |  1  2  3 |
---------------+----------+-----
Axes           | 3 |  3.1
Fighting       | |  2.7
Throwing       | |  1.1
Armour         | |  1.6
Dodging        | |  2.7
Spellcasting   | |  2.2
Translocations | |  3.2

Action                   || total
-------------------------++-------
Melee: Hand axe          ||   103
Armor: Leather armour    ||    33
Dodge: Dodged            ||   102

Table legend:
 A = Spawn XP
 B = Non-spawn XP
 C = Spawn XP percentage of total XP
 D = Spawn monster count
 E = Non-spawn monster count
 F = Spawn count percentage of total count
 G = Total turns spent on level
                    A         B        C        D         E        F      G
               +---------+---------+-------+---------+---------+-------+---------
         Total |       0 |      51 |   0.0 |       0 |      23 |   0.0 |   624
               +---------+---------+-------+---------+---------+-------+---------
           D:1 |       0 |      28 |   0.0 |       0 |      19 |   0.0 |   545
           D:2 |       0 |      23 |   0.0 |       0 |       4 |   0.0 |    79
               +---------+---------+-------+---------+---------+-------+---------
